 Dungeon Crawl Stone Soup version 0.30-a0-6-g7c9e10e132 (webtiles) character file.

Game seed: 14623444004797491119

9 xian the Charlatan (level 2, -4/23 HPs)
             Began as a Minotaur Artificer on Aug 23, 2022.
             Succumbed to a kobold's poison
             ... on level 1 of the Dungeon.
             The game lasted 00:00:32 (566 turns).

xian the Charlatan (Minotaur Artificer)              Turns: 566, Time: 00:00:33

Health: -4/23      AC:  3    Str: 16    XL:     2   Next: 3%
Magic:  1/1        EV: 11    Int:  8    God:
Gold:   0          SH:  0    Dex: 10    Spells: 1/1 levels left

rFire   . . .      SeeInvis .    a - +0 club
rCold   . . .      Faith    .    (no shield)
rNeg    . . .      Spirit   .    b - +0 leather armour
rPois   .          Reflect  .    (helmet restricted)
rElec   .          Harm     .    (no cloak)
rCorr   .          Rampage  .    (no gloves)
Will    .....                    (no boots)
Stlth   +.........               (no amulet)
HPRegen 0.07/turn                (no ring)
MPRegen 0.07/turn                (no ring)

@: lethally poisoned (-4 -> -24)
A: horns 2, retaliatory headbutt
a: no special abilities


You were on level 1 of the Dungeon.
You visited 1 branch of the dungeon, and saw 1 of its levels.

Inventory:

Hand Weapons
 a - a +0 club (weapon)
Armour
 b - a +0 leather armour (worn)
Wands
 c - a wand of flame (15) (quivered)
 d - a wand of charming (15)
 e - a wand of iceblast (5)
Potions
 f - a potion of magic {unknown}
 g - a potion of attraction {unknown}


   Skills:
 + Level 1.2 Fighting
 + Level 2.6 Armour
 + Level 1.1 Dodging
 + Level 0.7 Stealth
 + Level 3.1 Evocations


You had one spell level left.
You didn't know any spells.
Your spell library was empty.

Dungeon Overview and Level Annotations

Branches:
Dungeon (1/15)

Altars:


Innate Abilities, Weirdness & Mutations

You have a pair of horns on your head.
You reflexively headbutt those who attack you in melee.


Message History

You see here a jackal corpse.
Found a stone staircase leading down.
A giant cockroach comes into view.
The giant cockroach barely misses you.
You closely miss the giant cockroach.
Your headbutt misses the giant cockroach.
The giant cockroach bites you but does no damage.
The giant cockroach bites you.
You closely miss the giant cockroach. The giant cockroach closely misses you.
The giant cockroach bites you but does no damage.
You barely miss the giant cockroach.
Your headbutt misses the giant cockroach.
The giant cockroach completely misses you.
You furiously retaliate!
You headbutt the giant cockroach. You barely miss the giant cockroach.
You headbutt the giant cockroach.
You kill the giant cockroach!
You have reached level 2!
You don't know any spells.
Unknown command.
A kobold comes into view. It is wielding a +1 whip of venom.
The kobold shouts!
You barely miss the kobold. Your headbutt misses the kobold.
The kobold hits you with a +1 whip of venom. x2
You are poisoned.
You closely miss the kobold.
You feel very sick.
The kobold hits you with a +1 whip of venom.
You are lethally poisoned!
You barely miss the kobold.
You feel very sick. The kobold misses you. You furiously retaliate!
You headbutt the kobold, but do no damage.
You barely miss the kobold.
* * * LOW HITPOINT WARNING * * *
You feel very sick.
The kobold hits you with a +1 whip of venom.
* * * LOW HITPOINT WARNING * * *
You are more poisoned.
You hit the kobold but do no damage. Your headbutt misses the kobold.
You die...

#### ###############
...##.... .....>..#
####......#########.#
#.........##........#
#.#..........#.####.#
..........####......#
..........# ##.###.##
........### #.#?#..##
.......@# #.###...#
###...#K# #.......##
.!......# ##.#...#..
.....##.# #.....##.
.#.#. ... .......###
#.## #.# ##.#...##. .
..# #.###.#.. ..# #
...## ## #


You could see a kobold.

Vanquished Creatures
  An endoplasm (D:1)
  A giant cockroach (D:1)
  A hobgoblin (D:1)
  3 jackals (D:1)
  A rat (D:1)
7 creatures vanquished.

Notes
Turn   | Place    | Note
-------+----------+-------------------------------------------
     0 | D:1      | xian the Minotaur Artificer began the quest for the Orb.
     0 | D:1      | Reached XP level 1. HP: 16/16 MP: 0/0
   269 | D:1      | Reached skill level 3 in Evocations
   548 | D:1      | Reached XP level 2. HP: 22/23 MP: 1/1
   565 | D:1      | HP: 1/23 [kobold/+1 whip of venom (4)]
   566 | D:1      | Succumbed to a kobold's poison

Illustrated notes

Levels and vault maps discovered:
D:1:      dpeg_chamrin_arrival_tetris, layout_loops_ring,
          hellmonk_ecumenical_altar_crossroads, minmay_fountain_box,
          item_on_display_a

Skill      XL: |  1 |
---------------+----+-----
Evocations     | 3 |  3.1
Fighting       | |  1.2
Armour         | |  2.6
Dodging        | |  1.1
Stealth        | |  0.7

Action                   || total
-------------------------++-------
Melee: Club              ||    24
       Headbutt          ||     6
Armor: Leather armour    ||     6
Dodge: Dodged            ||    16

Table legend: (Time is in decaauts)
 A = Elapsed time spent in this place.
 B = Non-inter-level travel time spent in this place.
 C = Inter-level travel time spent in this place.
 D = Time resting spent in this place.
 E = Time spent auto-exploring this place.
 F = Levels seen in this place.
 G = Mean time per level.
                   A        B        C        D        E       F      G
               +--------+--------+--------+--------+--------+-----+--------+
         Total |    572 |    572 |      0 |      0 |    498 |   1 |  572.0 |
       Dungeon |    572 |    572 |      0 |      0 |    498 |   1 |  572.0 |
               +--------+--------+--------+--------+--------+-----+--------+

Top non-repeatable levels by time:
     D:1: 572 daAuts
